Map: Wolfe Industries Compound

Players

eMoTioNaLCoN

  • Race: Zerg Zerg
  • Spawn Location: 7:00

Adorable

  • Race: Zerg Zerg
  • Spawn Location: 7:00

fourtwozero - Winner!

  • Race: Protoss Protoss
  • League: Gold
  • Spawn Location: 3:00

Trogdor - Winner!

  • Race: Terran Terran
  • League: Silver
  • Spawn Location: 12:00

VOD

Have the link to the VOD?

Description

Time

  • Played on: Feb. 17, 2016, 6:44 p.m.
  • Length: 11:44
Show
View Real Time Build Order
Export as new Build Order

eMoTioNaLCoN Zerg 

Build Orders: Pool First 

Get SALT Encoding   

  12  0:01  Drone  
  13  0:10  Drone  
  14  0:17  Overlord  
  14  0:36  Spawning Pool  
  14  0:38  Drone  
  14  0:42  Drone  
  15  0:46  Drone  
  16  0:52  Extractor  
  16  0:54  Drone  
  16  1:02  Drone  
  17  1:11  Drone  
  18  1:25  Drone  
  19  1:27  Hatchery  
  18  1:34  Queen  
  20  1:40  Drone  
  21  1:48  Drone  
  21  1:53  Extractor  
  21  1:54  Zergling x2  
  22  2:07  Overlord  
  22  2:12  Lair  
  22  2:16  Overlord  
  22  2:27  Drone  
  23  2:36  Drone  
  24  2:40  Metabolic Boost  
  24  2:45  Drone x2  
  24  2:46  Zergling x2  
  24  2:48  Queen  
  24  2:50  Drone  
  24  2:51  Drone  
  31  2:54  Zergling x2  
  32  3:09  Zergling x2  
  32  3:10  Zergling x2  
  34  3:24  Drone x2  
  34  3:25  Drone x2  
  34  3:26  Drone x2  
  40  3:28  Extractor  
  39  3:42  Overlord  
  39  3:48  Spire  
  38  3:51  Spore Crawler  
  38  3:52  Drone  
  38  3:53  Spore Crawler  
  38  3:55  Drone x3  
  40  3:58  Drone x2  
  40  4:00  Drone  
  43  4:04  Extractor  
  41  4:30  Overlord x2  
  42  4:38  Zergling x4  
  42  4:39  Zergling x2  
  44  4:46  Drone  
  44  4:47  Drone x2  
  44  4:48  Drone x2  
  44  4:52  Overlord  
  49  4:57  Pneumatized Carapace  
  49  4:59  Mutalisk  
  49  5:00  Mutalisk x2  
  49  5:05  Mutalisk x2  
  59  5:13  Hatchery  
  58  5:18  Overlord x2  
  58  5:20  Overseer  
  58  5:23  Mutalisk x2  
  62  5:37  Drone x3  
  65  5:43  Drone x4  
  69  5:50  Zerg Flyer Armor Level 1  
  69  6:08  Mutalisk x3  
  69  7:27  Infestation Pit  
  69  7:29  Drone x3  
  71  7:36  Drone x3  
  74  7:37  Queen  
  74  7:43  Extractor  
  74  7:44  Drone x3  
  78  7:45  Extractor  
  78  7:49  Zergling x4  
  79  7:56  Evolution Chamber  
  78  7:59  Zergling x8  
  76  8:30  Hive  
  76  8:33  Corruptor x5  
  86  8:39  Drone  
  87  8:42  Drone x3  
  87  8:44  Drone x3  
  87  8:45  Overlord x2  
  93  8:54  Zerg Ground Armor Level 1  
  93  9:06  Mutalisk  
  93  9:07  Mutalisk x3  
  101  9:17  Hatchery  
  101  9:20  Queen  
  102  9:25  Overlord x2  
  102  9:26  Overlord x3  
  102  9:30  Mutalisk x2  
  106  9:33  Zergling x2  
  106  9:34  Zergling x8  
  106  9:37  Overlord  
  111  9:42  Overlord  
  111  9:51  Greater Spire  
  111  9:54  Adrenal Glands  
  111  9:56  Corruptor  
  111  9:57  Corruptor x3  
  119  10:16  Overlord x5  
  119  10:17  Overlord x5  
  119  10:33  Drone  
  120  10:36  Extractor  
  119  10:49  Corruptor x4  
  121  10:56  Zergling x2  
  128  10:57  Zergling x10  
  128  10:59  Drone  
  128  11:00  Drone x2  
  136  11:05  Extractor  
  136  11:06  Drone x3  
  136  11:08  Overlord x3  
  136  11:09  Overlord x2  
  138  11:12  Overseer  
Show
View Real Time Build Order
Export as new Build Order

Adorable Zerg 

Build Orders: Hatch First 

Get SALT Encoding   

  12  0:08  Overlord  
  12  0:27  Drone x3  
  15  0:40  Drone  
  17  0:50  Drone  
  17  1:02  Drone  
  18  1:05  Hatchery  
  18  1:06  Extractor  
  16  1:19  Spawning Pool  
  16  1:20  Drone  
  16  1:22  Drone  
  17  1:35  Drone  
  18  1:57  Drone x2  
  20  2:06  Queen  
  22  2:09  Overlord  
  22  2:24  Zergling x4  
  24  2:32  Drone  
  24  2:33  Queen  
  27  2:46  Queen  
  29  2:55  Drone x2  
  29  2:56  Extractor  
  30  2:58  Drone  
  30  2:59  Drone x2  
  33  3:07  Metabolic Boost  
  33  3:11  Drone  
  33  3:12  Drone  
  35  3:14  Drone  
  36  3:28  Extractor  
  35  3:40  Roach Warren, Drone x2  
  36  3:57  Overlord  
  36  3:58  Overlord x2  
  36  4:21  Roach x3  
  36  4:22  Roach x5  
  52  4:29  Evolution Chamber  
  51  4:42  Hatchery  
  50  4:57  Zerg Missile Weapons Level 1  
  50  5:04  Drone x2  
  50  5:05  Drone x2  
  50  5:06  Evolution Chamber  
  53  5:18  Roach  
  53  5:19  Roach x2  
  59  5:26  Ravager  
  60  5:31  Overlord x4  
  60  5:35  Zerg Ground Armor Level 1  
  60  5:51  Drone x2  
  60  5:52  Drone x3  
  60  5:53  Drone  
  66  5:58  Extractor  
  66  6:00  Drone  
  66  6:05  Roach x3  
  66  6:07  Roach  
  74  6:17  Lair  
  74  6:22  Drone x2  
  74  6:23  Drone  
  79  6:32  Ravager x2  
  79  6:33  Ravager x5  
  79  6:39  Roach x3  
  90  6:43  Drone  
  90  6:45  Queen  
  93  6:53  Drone x2  
  93  6:54  Drone x2  
  97  6:55  Drone  
  98  7:16  Overlord x2  
  98  7:26  Spore Crawler  
  97  7:35  Zergling x10  
  99  8:13  Spore Crawler, Roach  
  99  8:14  Roach x7  
  99  8:16  Overlord x2  
  99  8:17  Overlord x4  
  74  8:54  Zergling x2, Roach x3  
  74  8:55  Zergling x10  
  86  9:02  Ravager x3  
  89  9:07  Zerg Missile Weapons Level 2  
  89  9:08  Zerg Ground Armor Level 2  
  89  9:10  Glial Reconstitution  
  89  9:24  Extractor  
  89  9:25  Drone x2, Extractor  
  89  9:48  Zergling x2  
  89  9:49  Zergling x32  
  106  9:53  Overlord  
  106  10:19  Hatchery  
  107  10:28  Roach x2  
  107  10:29  Roach x2  
  107  10:34  Drone, Spire  
  107  10:35  Drone x3  
  115  10:44  Overseer  
  115  10:47  Overseer  
  115  10:49  Overlord x3  
  115  10:58  Drone x2  
Show
View Real Time Build Order
Export as new Build Order

fourtwozero Protoss - Winner!

Build Orders: 1 Gate Expand 

Get SALT Encoding   

  12  0:01  Probe (Chrono Boost)  
  13  0:11  Probe (Chrono Boost)  
  14  0:22  Pylon  
  14  0:23  Probe (Chrono Boost)  
  15  0:41  Probe (Chrono Boost)  
  16  0:50  Pylon  
  16  0:51  Probe (Chrono Boost)  
  17  0:58  Gateway  
  17  1:02  Probe (Chrono Boost)  
  18  1:12  Probe (Chrono Boost)  
  19  1:23  Probe (Chrono Boost)  
  20  1:30  Assimilator  
  20  1:33  Probe (Chrono Boost)  
  20  1:36  Nexus  
  21  1:44  Probe (Chrono Boost)  
  22  1:47  Forge  
  22  1:56  Probe (Chrono Boost)  
  22  1:59  Assimilator  
  23  2:07  Probe (Chrono Boost)  
  24  2:15  Gateway  
  24  2:17  Probe (Chrono Boost)  
  25  2:30  Cybernetics Core  
  25  2:34  Zealot  
  25  2:37  Pylon  
  27  2:42  Assimilator  
  27  2:44  Probe (Chrono Boost)  
  28  2:58  Probe (Chrono Boost)  
  29  3:09  Robotics Facility, Probe (Chrono Boost)  
  30  3:17  Pylon  
  30  3:19  Probe (Chrono Boost)  
  31  3:30  Probe (Chrono Boost)  
  31  3:31  Protoss Ground Weapons Level 1 (Chrono Boost)  
  31  3:32  Warp Gate  
  31  3:33  Stalker  
  34  3:34  Stalker  
  34  3:39  Photon Cannon  
  34  3:40  Probe (Chrono Boost)  
  37  3:41  Probe (Chrono Boost)  
  38  3:50  Probe  
  38  3:51  Probe  
  40  3:56  Observer  
  40  4:01  Probe  
  42  4:03  Stalker  
  42  4:05  Probe  
  45  4:10  Stalker  
  45  4:13  Probe  
  48  4:18  Probe  
  48  4:23  Probe  
  49  4:30  Observer  
  51  4:32  Probe  
  51  4:33  Stalker  
  54  4:40  Stalker  
  54  4:44  Probe  
  57  4:50  Gateway  
  57  4:51  Observer  
  58  4:54  Gateway  
  58  4:55  Gateway  
  58  4:56  Probe  
  58  4:59  Pylon, Probe  
  60  5:06  Probe  
  60  5:07  Pylon  
  60  5:10  Pylon  
  60  5:11  Assimilator, Probe  
  62  5:23  Probe  
  63  5:52  Nexus  
  63  5:54  Pylon  
  63  5:56  Robotics Bay  
  63  5:58  Gateway  
  63  6:02  Gateway  
  62  6:12  Photon Cannon  
  62  6:15  Photon Cannon  
  62  6:16  Photon Cannon  
  62  6:19  Photon Cannon  
  62  6:20  Photon Cannon  
  62  6:28  Stalker x2  
  62  6:30  Stalker  
  68  6:47  Pylon  
  67  6:56  Stalker x2  
  67  6:57  Stalker  
  73  7:08  Pylon  
  73  7:12  Pylon  
  73  7:19  Disruptor (Chrono Boost)  
  76  7:39  Twilight Council  
  76  7:42  Stalker x3  
  76  7:43  Stalker x2  
  86  7:52  Disruptor (Chrono Boost)  
  87  8:16  Photon Cannon  
  87  8:17  Photon Cannon  
  87  8:18  Photon Cannon  
  71  8:47  Protoss Ground Weapons Level 2 (Chrono Boost)  
  71  8:52  Stalker x3  
  71  8:53  Stalker x4  
  85  9:02  Probe  
  86  9:12  Probe  
  86  9:14  Probe  
  88  9:18  Pylon  
  88  9:21  Pylon, Zealot x2  
  88  9:22  Zealot x5  
  88  9:23  Probe  
  102  9:27  Assimilator, Disruptor  
  102  9:28  Pylon  
  102  9:29  Assimilator  
  106  9:33  Probe  
  107  9:42  Robotics Facility  
  107  9:44  Probe  
  107  9:52  Stalker  
  110  9:58  Probe  
  111  10:03  Disruptor  
  114  10:08  Probe  
  114  10:10  Stalker x4  
  114  10:11  Stalker  
  125  10:19  Probe  
  126  10:33  Stalker  
  126  10:34  Stalker x6  
  140  10:51  Pylon  
  140  10:57  Nexus  
  140  11:01  Pylon  
Show
View Real Time Build Order
Export as new Build Order

Trogdor Terran - Winner!

Build Orders:  

Get SALT Encoding   

  12  0:01  SCV  
  13  0:21  SCV  
  14  0:22  Supply Depot  
  14  0:32  Refinery  
  14  0:33  SCV  
  15  0:45  SCV  
  15  0:48  Barracks  
  16  0:59  SCV  
  17  1:11  Barracks  
  17  1:37  Barracks  
  17  1:46  Factory  
  17  1:49  Marine, Supply Depot  
  18  2:04  Barracks Tech Lab  
  18  2:07  Marine  
  19  2:19  SCV  
  20  2:25  Marine  
  20  2:27  Marine x2  
  23  2:31  SCV  
  24  2:39  Starport  
  24  2:44  Factory Tech Lab  
  24  2:45  Marauder  
  24  2:50  Refinery  
  26  2:52  SCV  
  26  2:55  Marine  
  28  3:04  Supply Depot  
  28  3:16  Engineering Bay  
  28  3:19  Starport Tech Lab  
  28  3:25  SCV  
  29  3:30  Marine  
  30  3:38  SCV  
  30  3:39  Siege Tank  
  34  3:47  Missile Turret  
  34  3:54  Missile Turret  
  34  3:55  Marine  
  35  4:09  SCV  
  36  4:26  Marine x2  
  36  4:27  Marine  
  39  4:37  Supply Depot  
  39  4:40  Orbital Command  
  39  4:50  Terran Infantry Weapons Level 1  
  39  4:54  Concussive Shells  
  39  4:59  Marine, Raven  
  42  5:01  Supply Depot  
  42  5:09  Marine, Supply Depot  
  42  5:10  Marine  
  44  5:18  Marine  
  45  5:22  SCV  
  45  5:27  Marine  
  45  5:28  Marine  
  48  5:36  Marine  
  49  5:45  Marine x2  
  51  5:54  Marine  
  52  6:03  Marine x2  
  54  6:24  Viking  
  54  6:25  Marine x2, Marauder  
  60  6:43  Marine  
  63  6:47  Marauder  
  63  7:02  Marine x2, Viking  
  63  7:07  Supply Depot  
  63  7:08  Marine  
  68  7:19  Marine x2  
  70  7:25  Marine  
  70  7:29  Supply Depot  
  71  7:32  Viking  
  73  7:37  Marine x2  
  73  7:44  Marauder  
  77  8:02  Viking  
  79  8:09  Marine x2  
  79  8:10  Marine  
  82  8:27  Marine x3  
  82  8:32  Raven  
  82  8:34  Stimpack  
  87  9:15  Command Center  
  87  9:50  Missile Turret  
  87  10:10  Supply Depot  
  87  10:13  Missile Turret  
  87  10:27  Marine x3, Siege Tank  
  93  10:32  Supply Depot  
  93  10:33  Missile Turret  
  93  10:44  Marine x3  
  97  10:50  SCV  
  97  10:59  Siege Tank  
  97  11:02  Marine x3, SCV  
  102  11:14  SCV  
  100  11:20  Marine x2  
  100  11:21  Marauder  
  95  11:26  SCV  
Tags
 
Add a new tag
Caveats
  • Supply blocks, unpowered buildings, or Contaminate may cause inaccurate times.
  • Supply counts are checked every 10 seconds.